 Dungeon Crawl Stone Soup version 0.29-a0-330-g52719c12eb (webtiles) character file.

Game seed: 6805702040841180637

7081 kae the Transmogrifier (level 10, -3/80 HPs)
             Began as a Yellow Draconian Transmuter on May 14, 2022.
             Was an Initiate of Ru.
             Slain by a hornet (10 damage)
             ... on level 9 of the Dungeon.
             The game lasted 00:12:51 (12689 turns).

kae the Transmogrifier (DrTm)                      Turns: 12689, Time: 00:12:51

Health: -3/80      AC:  9    Str: 12    XL:     10   Next: 84%
Magic:  15/19      EV: 13    Int: 17    God:    Ru [......]
Gold:   1341       SH:  0    Dex: 13    Spells: 6/21 levels left

rFire   . . .      SeeInvis .     - Unarmed
rCold   . . .      Faith    .   (shield currently unavailable)
rNeg    . . .      Spirit   .   (body armour unavailable)
rPois   .          Reflect  .   (helmet restricted)
rElec   .          Harm     .   w - +1 cloak {rCorr}
rCorr   +          Rampage  .   (gloves currently unavailable)
Will    .....                   (no boots)
Stlth   +.........              (no amulet)
HPRegen 0.23/turn               (no ring)
MPRegen 0.16/turn               (no ring)

@: blade hands (expiring), slowed, very slow
A: spit acid, AC +7, unfitting armour, cold-blooded, acid resistance
a: Breathe Acid, End Transformation, Renounce Religion


You were on level 9 of the Dungeon.
You worshipped Ru.
Ru was noncommittal.
You had blades for hands.
You visited 2 branches of the dungeon, and saw 10 of its levels.

You collected 1341 gold pieces.

Inventory:

Hand Weapons
 c - a +2 hand axe of flaming
Missiles
 l - a throwing net
Armour
 w - a +1 cloak of preservation (worn)
Jewellery
 e - an amulet of regeneration
 p - a +6 ring of strength
Wands
 q - a wand of polymorph (24)
 s - a wand of digging (5)
Scrolls
 b - 3 scrolls of fog
 d - 2 scrolls of teleportation
 f - 2 scrolls of noise
 o - 4 scrolls of vulnerability
 t - a scroll of magic mapping
Potions
 a - 3 potions of lignification
 g - a potion of resistance
 h - 4 potions of might {unknown}
 i - 2 potions of mutation
 j - 2 potions of curing
 k - 3 potions of degeneration {unknown}
 m - 2 potions of attraction {unknown}
 n - a potion of brilliance {unknown}
 r - 2 potions of invisibility {unknown}
 u - 2 potions of cancellation {unknown}
 v - a potion of heal wounds {unknown}


   Skills:
 + Level 4.9 Fighting
 + Level 4.4 Dodging
 + Level 8.4 Unarmed Combat
 - Level 6.0 Spellcasting
 * Level 11.2 Transmutations
 - Level 4.0 Ice Magic
 - Level 1.0 Poison Magic


You had 6 spell levels left.
You knew the following spells:

 Your Spells              Type           Power      Damage    Failure   Level
a - Beastly Appendage     Tmut           86%        N/A       8%          1
b - Wereblood             Tmut           43%        N/A       9%          2
c - Spider Form           Tmut/Pois      25%        N/A       26%         3
d - Ice Form              Ice/Tmut       31%        N/A       34%         4
e - Blade Hands           Tmut           21%        N/A       28%         5

Your spell library contained the following spells:

 Spells                   Type           Power      Damage    Failure   Level
 Sting                    Tmut/Pois      100%       1d8       16%         1
 Freeze                   Ice            72%        1d9       24%         1
 Ozocubu's Armour         Ice            18%        N/A       41%         3
 Animate Skeleton         Necr           10%        N/A       52%         1
 Foxfire                  Conj/Fire      20%        2x1d5     52%         1
 Pain                     Necr           20%        1d5       52%         1
 Blink                    Tloc           10%        N/A       61%         2
 Scorch                   Fire           10%        2d6       61%         2
 Lesser Beckoning         Tloc           5%         N/A       78%         3
 Portal Projectile        Hex/Tloc       10%        N/A       78%         3
 Vampiric Draining        Necr           5%         2d6       78%         3
 Airstrike                Air            2%         N/A       97%         4
 Summon Lightning Spire   Summ/Air       5%         N/A       97%         4
 Excruciating Wounds      Necr           2%         N/A       100%        5
 Lightning Bolt           Conj/Air       2%         1d14      100%        5
 Manifold Assault         Tloc           5%         N/A       100%        5
 Summon Forest            Summ/Tloc      2%         N/A       100%        5
 Summon Mana Viper        Hex/Summ       5%         N/A       100%        5
 Iron Shot                Conj/Erth      2%         9d2       100%        6
 Summon Cactus Giant      Summ           2%         N/A       100%        6
 Malign Gateway           Summ/Tloc      2%         N/A       100%        7
 Lehudib's Crystal Spear  Conj/Erth      2%         10d2      100%        8
 Summon Horrible Things   Summ           2%         N/A       100%        8


Dungeon Overview and Level Annotations

Branches:
Dungeon (9/15)             Temple (1/1) D:6
   Lair: D:8-11         Orc: D:9-12

Altars:
Ashenzari
Dithmenos
Fedhas
Gozag
Nemelex Xobeh
Okawaru
Qazlal
Ru
Sif Muna
Trog
Uskayaw
Yredelemnul
Zin
The Shining One
Beogh

Shops:
D:2 =   D:9 =

Annotations:
D:3 1 runed translucent door, Crazy Yiuf
D:4 3 runed translucent doors, Megustar's ghost, amateur DEFE
D:8 2 transporters, exclusion: ice statue, initializr's ghost, novice TrFi


Innate Abilities, Weirdness & Mutations

You have blades for hands.
Your spellcasting is less reliable in this form.
You are incapable of wielding weapons or throwing items.
You can spit globs of acid.
Your golden yellow scales are hard. (AC +7)
You cannot fit into any form of body armour.
You are cold-blooded and may be slowed by cold attacks.
You are resistant to acid. (rCorr)


Message History

The bolt of electricity hits you.
You can move again.
The two-headed ogre shouts in stereo!
You slice the hornet!!
The hornet is almost dead.
Your transformation is almost over.
You feel yourself speed up. The hornet stings you.
You feel yourself slow down.
The hornet stings you but does no damage.
You barely miss the hornet.
The hornet is almost dead.
The hornet stings you.
You are poisoned.
You feel as though you will be slow longer.
The electric eel shoots out a bolt of lightning at you!
The bolt of electricity misses you. The hornet stings you!
You are more poisoned.
You feel as though you will be slow longer.
You barely miss the hornet. You slash the hornet.
The hornet is almost dead.
You feel very sick. The hornet closely misses you. The hornet misses you.
The electric eel shoots out a bolt of lightning at you!
The bolt of electricity misses you.
You barely miss the hornet.
The hornet is almost dead.
You feel very sick. The hornet stings you!
* * * LOW HITPOINT WARNING * * *
You feel as though you will be slow longer.
The electric eel shoots out a bolt of lightning at you!
The bolt of electricity hits you!
* * * LOW HITPOINT WARNING * * *
The hornet stings you but does no damage.
Okay, then.
You feel better. The hornet closely misses you.
The electric eel shoots out a bolt of lightning at you!
The bolt of electricity hits you.
* * * LOW HITPOINT WARNING * * *
The hornet stings you!
You die...

#.# #.... .# #.# ###.###
..## #.# #......
......###.### #......
≈.≈.........######......
≈≈.≈.####.#.............
≈≈P...# #.########......
≈≈≈....##.# #......
≈≈S.≈≈)@..# #......
≈≈≈≈.≈y...# #######
≈≈O≈≈≈.≈.## ###
..≈≈≈≈≈..# #..
..#≈≈≈##.. #.. . ##≈≈
#... #.. #≈≈ #... #..
##≈ ###.. #.. +..


You could see a two-headed ogre, a hornet and an electric eel.

Vanquished Creatures
  A two-headed ogre (D:8)
  Pikel (D:6)
  Maurice (D:8)
  A troll (D:9)
  Prince Ribbit (D:5)
  9 yaks (D:9)
  A wyvern (D:7)
  Edmund (D:5)
  2 water moccasins
  2 orc warriors
  A sky beast (D:4)
  A black bear (D:6)
  5 centaurs
  2 phantoms
  2 lemures
  3 kobold brigands
  Blork the orc (D:6)
  6 bullfrogs
  2 necrophages (D:6)
  2 gnoll sergeants (D:6)
  2 scorpions
  6 wights
  A howler monkey (D:9)
  2 jellies (D:7)
  2 gnoll shamans
  8 hounds
  9 orc priests
  Jessica (D:2)
  4 orc wizards
  6 iguanas
  Robin (D:2)
  11 gnolls
  6 adders
  A white imp (D:7)
  2 ufetubi (D:5)
  2 worms
  2 dart slugs
  13 orcs
  7 endoplasms
  4 giant cockroaches
  19 goblins
  10 hobgoblins
  4 jackals (D:3)
  24 kobolds
  7 quokkas
  4 ball pythons
  2 bats
  10 frilled lizards
  5 rats
220 creatures vanquished.

Vanquished Creatures (others)
  A kobold (D:9)
  38 plants
39 creatures vanquished.

Grand Total: 259 creatures vanquished

Notes
Turn   | Place    | Note
-------+----------+-------------------------------------------
     0 | D:1      | kae the Draconian Transmuter began the quest for the Orb.
     0 | D:1      | Reached XP level 1. HP: 16/16 MP: 3/3
   180 | D:1      | Found a faded altar of an unknown god.
   597 | D:1      | Reached XP level 2. HP: 23/23 MP: 3/5
   629 | D:1      | Learned a level 2 spell: Wereblood
   883 | D:2      | Noticed Robin
   979 | D:2      | Killed Robin
   980 | D:2      | Reached XP level 3. HP: 21/28 MP: 4/6
   984 | D:2      | Reached skill level 3 in Transmutations
  1145 | D:2      | Found Zenaamn's One-of-a-Kind Rings.
  1258 | D:2      | Learned a level 3 spell: Spider Form
  1578 | D:2      | Reached XP level 4. HP: 35/35 MP: 3/7
  2181 | D:2      | Noticed Jessica
  2184 | D:2      | Killed Jessica
  2185 | D:2      | Reached skill level 1 in Poison Magic
  2889 | D:3      | Found a runed translucent door.
  2890 | D:3      | Noticed Crazy Yiuf
  2964 | D:3      | Reached XP level 5. HP: 40/40 MP: 7/9
  3003 | D:3      | Got Sif Muna's Tome of Fire and the Frostbite
  3236 | D:3      | Reached skill level 4 in Transmutations
  3771 | D:4      | Identified the +6 rapier "Zualahe" {antimagic, rElec rC-
                  | Str+2 Int+10}
  4038 | D:4      | Noticed an ice beast
  4048 | D:4      | Found a runed translucent gate.
  4048 | D:4      | Found a runed translucent gate.
  4048 | D:4      | Found a runed translucent gate.
  4057 | D:4      | Reached XP level 6. HP: 47/47 MP: 8/10
  4070 | D:4      | Learned a level 4 spell: Ice Form
  4117 | D:4      | Noticed Megustar's ghost (amateur DEFE)
  4122 | D:4      | Noticed a sky beast
  4134 | D:4      | Killed a sky beast
  4135 | D:4      | Reached skill level 1 in Ice Magic
  4311 | D:4      | Reached skill level 5 in Transmutations
  4448 | D:4      | Got the Catalogue of Transmutation and the Rocks
  4821 | D:5      | Entered Level 5 of the Dungeon
  4996 | D:5      | Your scales start taking on a golden yellow colour.
  4996 | D:5      | Reached XP level 7. HP: 25/52 MP: 7/12
  4996 | D:5      | Gained mutation: You are resistant to acid. (rCorr) [Yellow
                  | Draconian growth]
  5329 | D:5      | Noticed Prince Ribbit
  5342 | D:5      | Killed Prince Ribbit
  5601 | D:5      | Identified the +4 robe "Hyod" {rCorr Stlth+}
  5634 | D:5      | Noticed Edmund
  5654 | D:5      | Killed Edmund
  5778 | D:5      | Reached skill level 6 in Transmutations
  5916 | D:5      | Reached skill level 5 in Unarmed Combat
  6169 | D:5      | Reached XP level 8. HP: 30/59 MP: 8/14
  6473 | D:6      | Identified a scroll of acquirement
  6473 | D:6      | Acquired an amulet of regeneration
  6685 | D:6      | Noticed Pikel
  6753 | D:6      | Killed Pikel
  6754 | D:6      | Reached skill level 5 in Spellcasting
  6754 | D:6      | Reached skill level 7 in Transmutations
  6954 | D:6      | Noticed Blork the orc
  6960 | D:6      | Killed Blork the orc
  6961 | D:6      | Reached skill level 8 in Transmutations
  7083 | D:6      | Reached XP level 9. HP: 64/64 MP: 11/16
  7473 | D:6      | Found a staircase to the Ecumenical Temple.
  7617 | D:6      | HP: 3/76 [hound (4)]
  8091 | D:6      | Reached skill level 9 in Transmutations
  8204 | D:6      | Acquired 783 gold pieces
  9783 | D:8      | Noticed Maurice
 10069 | D:8      | Reached XP level 10. HP: 74/74 MP: 13/19
 10120 | D:8      | Found a transporter.
 10190 | D:8      | Noticed an ice statue
 10197 | D:8      | Killed Maurice
 10198 | D:8      | Reached skill level 10 in Transmutations
 10198 | D:8      | Noticed initializr's ghost (novice TrFi)
 10207 | D:8      | Noticed a fire crab
 10228 | D:8      | Noticed a salamander
 10228 | D:8      | Noticed a cyclops
 10228 | D:8      | a salamander changed into a cyclops
 10502 | D:8      | Found a transporter.
 10627 | D:8      | Noticed a shining eye
 10907 | D:8      | Noticed a two-headed ogre
 11012 | D:8      | Learned a level 5 spell: Blade Hands
 11294 | D:8      | Killed a two-headed ogre
 11618 | D:8      | Noticed an emperor scorpion
 11667 | Temple   | Entered the Ecumenical Temple
 11761 | Temple   | Became a worshipper of Ru the Awakened
 12164 | D:9      | Found Osoruam's Jewellery Emporium.
 12185 | D:9      | Reached skill level 11 in Transmutations
 12684 | D:9      | Noticed a two-headed ogre
 12684 | D:9      | Paralysed by a hornet for 1 turns
 12688 | D:9      | HP: 4/80 [electric eel/bolt of electricity (11)]
 12689 | D:9      | Slain by a hornet

Illustrated notes

Levels and vault maps discovered:
D:1:      amcnicky_arrival_abandoned_market, layout_basic,
          ebering_ecumenical_altar_petrified
D:2:      layout_loops_corners, nicolae_shop_unique_rings, serial_bayou_lake_a,
          uniq_robin, uniq_jessica
D:3:      layout_basic, uniq_crazy_yiuf_cottage
D:4:      layout_loops_ring, gammafunk_ghost_icy, kennysheep_another_room,
          kennysheep_generic_room_15
D:5:      nicolae_cairo_tiling, layout_basic, minmay_misc_feat_alley,
          minmay_lizard_king, uniq_edmund, uniq_prince_ribbit1
D:6:      kennysheep_housing_project, layout_loops_cross,
          minmay_temple_entry_poolview, uniq_pikel, uniq_blork_the_orc
D:7:      layout_cave_pools
D:8:      layout_basic, nzn_ghost_randoct, corexii_leaking_fountain,
          david_defended_altar_orc, uniq_maurice
D:9:      layout_roguey, minmay_shop_enchanted_jewellery, chequers_big_river
Temple:   nicolae_temple_great_sept

Skill      XL: |  1  2  3  4  5  6  7  8  9 10 |
---------------+-------------------------------+-----
Transmutations | 3 4 5 6 8 9 11 | 11.2
Poison Magic   | 1 |  1.0
Unarmed Combat | 4 5 6 7 8 |  8.4
Spellcasting   | 3 4 5 6 |  6.0
Ice Magic      | 2 3 4 |  4.0
Dodging        | 2 4 |  4.4
Fighting       | 2 4 |  4.9

Action                   |  1- 3 |  4- 6 |  7- 9 | 10-12 || total
-------------------------+-------+-------+-------+-------++-------
Melee: Hand axe          |    54 |   119 |    63 |       ||   236
       Unarmed           |    16 |    36 |   273 |   110 ||   435
       Kick              |     9 |    23 |     5 |       ||    37
       Tailslap          |     3 |     7 |     8 |    10 ||    28
       Headbutt          |     4 |    12 |     3 |       ||    19
       Punch             |     1 |     2 |     4 |     6 ||    13
 Cast: Beastly Appendage |    18 |    26 |     3 |       ||    47
       Wereblood         |     2 |       |     5 |       ||     7
       Spider Form       |     2 |     6 |     5 |       ||    13
       Ice Form          |       |       |    31 |     6 ||    37
       Blade Hands       |       |       |       |     9 ||     9
 Abil: Breathe Acid      |       |       |     3 |     3 ||     6
  Use: Scroll            |       |    10 |     6 |     3 ||    19
       Potion            |       |       |       |     1 ||     1
Armor: Skin              |    26 |    40 |   137 |    29 ||   232
Dodge: Dodged            |    63 |   117 |   239 |    61 ||   480

Table legend: (Time is in decaauts)
 A = Elapsed time spent in this place.
 B = Non-inter-level travel time spent in this place.
 C = Inter-level travel time spent in this place.
 D = Time resting spent in this place.
 E = Time spent auto-exploring this place.
 F = Levels seen in this place.
 G = Mean time per level.
                   A        B        C        D        E       F      G
               +--------+--------+--------+--------+--------+-----+--------+
         Total |  12767 |  12259 |    508 |   1811 |   8563 |  10 | 1276.7 |
       Dungeon |  12662 |  12183 |    479 |   1811 |   8500 |   9 | 1406.9 |
        Temple |    104 |     75 |     29 |      0 |     63 |   1 |  104.0 |
               +--------+--------+--------+--------+--------+-----+--------+

Top non-repeatable levels by time:
     D:6: 1976 daAuts
     D:5: 1799 daAuts
     D:7: 1792 daAuts
     D:2: 1506 daAuts
     D:8: 1382 daAuts
     D:4: 1171 daAuts
     D:3: 1133 daAuts
     D:1: 1107 daAuts
     D:9: 793 daAuts
  Temple: 104 daAuts
